Map: Ruins of Seras

Players

NozoUMI - Winner!

  • Race: Zerg Zerg
  • League: Silver

Javert

  • Race: Zerg Zerg
  • League: Silver

VOD

Have the link to the VOD?

Description

Time

  • Played on: July 17, 2015, 12:29 a.m.
  • Length: 7:07
Show
View Real Time Build Order
Export as new Build Order

NozoUMI Zerg - Winner!

Build Orders: Hatch First 

Get SALT Encoding   

  12  0:01  Drone  
  13  0:13  Overlord  
  13  0:18  Drone  
  14  0:25  Drone, Extractor  
  15  0:31  Drone  
  16  0:37  Drone  
  17  0:56  Hatchery  
  16  1:00  Drone  
  16  1:02  Extractor  
  17  1:04  Drone  
  17  1:20  Spawning Pool  
  17  1:22  Drone  
  17  1:25  Drone  
  18  1:34  Drone  
  19  1:40  Overlord  
  19  1:56  Drone  
  20  2:07  Metabolic Boost, Queen  
  22  2:09  Zergling x2  
  22  2:10  Queen  
  22  2:14  Zergling x2  
  26  2:17  Zergling x2  
  26  2:20  Drone  
  28  2:24  Drone  
  29  2:30  Drone  
  29  2:36  Drone  
  31  2:41  Drone  
  32  2:48  Roach Warren  
  32  2:49  Drone  
  32  2:54  Overlord  
  32  3:00  Drone  
  33  3:08  Drone x2  
  35  3:22  Drone x3  
  35  3:23  Lair  
  35  3:26  Drone x2, Queen  
  42  3:31  Extractor  
  42  3:33  Overlord  
  41  3:42  Roach  
  41  3:45  Overlord, Extractor  
  42  3:51  Drone x2  
  44  3:59  Roach x4  
  52  4:14  Drone x4  
  55  4:25  Overlord  
  55  4:27  Glial Reconstitution, Roach x2  
  59  4:33  Overlord x2, Extractor  
  59  4:34  Overlord  
  58  4:41  Drone  
  59  4:53  Roach x4  
  59  4:54  Roach  
  59  4:58  Drone x2  
  69  5:00  Roach x2  
  73  5:08  Roach x2  
  73  5:09  Roach  
  73  5:11  Roach  
  81  5:17  Roach x2  
  85  5:23  Overlord  
  85  5:42  Evolution Chamber  
  84  5:43  Evolution Chamber  
  84  5:44  Drone x2, Roach x3  
  84  5:46  Ravager  
  84  5:48  Overlord  
  92  5:53  Overlord  
  90  6:07  Roach x4  
  90  6:08  Roach  
  96  6:13  Roach x2  
  96  6:14  Roach  
  100  6:18  Ravager x4  
  100  6:19  Roach  
  104  6:26  Overlord  
  100  6:41  Roach x4  
  100  6:44  Overlord  
Show
View Real Time Build Order
Export as new Build Order

Javert Zerg 

Build Orders: Hatch First 

Get SALT Encoding   

  12  0:02  Drone  
  13  0:15  Overlord  
  13  0:18  Drone  
  14  0:34  Drone x2  
  16  0:38  Drone  
  17  0:48  Drone  
  18  0:58  Hatchery  
  18  0:59  Drone  
  18  1:02  Extractor  
  17  1:09  Drone  
  18  1:23  Spawning Pool  
  18  1:24  Drone  
  18  1:31  Drone  
  19  1:43  Drone  
  20  1:53  Overlord  
  20  2:10  Metabolic Boost, Queen  
  20  2:11  Queen  
  20  2:13  Zergling x4  
  26  2:17  Drone  
  27  2:23  Drone  
  28  2:35  Drone x2  
  30  2:43  Drone  
  31  2:46  Overlord  
  31  2:54  Queen x2  
  35  2:59  Drone  
  36  3:08  Baneling Nest  
  36  3:09  Drone x4  
  38  3:27  Drone x6  
  44  3:44  Overlord x2  
  44  3:51  Roach Warren  
  44  3:53  Extractor  
  44  3:54  Lair  
  42  3:56  Extractor x2  
  40  4:03  Drone x3  
  40  4:04  Drone x4  
  47  4:27  Drone x4  
  47  4:28  Drone x4  
  55  4:39  Roach x2  
  55  4:43  Overlord  
  55  4:44  Overlord x2  
  59  4:57  Drone  
  60  5:02  Glial Reconstitution  
  60  5:13  Roach  
  60  5:14  Roach x9  
  80  5:16  Hatchery  
  80  5:21  Evolution Chamber  
  78  5:23  Evolution Chamber  
  78  5:27  Roach x3  
  83  5:34  Overlord x2  
  83  5:48  Overlord x2  
  83  5:54  Drone x4  
  79  6:12  Roach  
  79  6:13  Roach x5  
  79  6:16  Roach  
  81  6:24  Roach  
  81  6:25  Roach x3  
  89  6:33  Roach x3  
  89  6:44  Roach x4  
Tags
 
Add a new tag
Caveats
  • Supply blocks, unpowered buildings, or Contaminate may cause inaccurate times.
  • Supply counts are checked every 10 seconds.